Map: Romanticide LE

Players

Gtoss

  • Race: Protoss Protoss
  • League: Master
  • Spawn Location: 5:00

MarcoMan - Winner!

  • Race: Protoss Protoss
  • League: Master
  • Spawn Location: 11:00

VOD

Have the link to the VOD?

Description

Time

  • Played on: Jan. 15, 2021, 12:21 p.m.
  • Length: 17:08
Show
View Real Time Build Order
Export as new Build Order

Gtoss Protoss 

Build Orders: 1 Gate Expand 

Get SALT Encoding   

  12  0:00  Probe  
  13  0:12  Probe  
  14  0:18  Pylon  
  14  0:25  Probe  
  15  0:37  Gateway, Probe  
  16  0:49  Probe  
  17  1:01  Probe  
  18  1:05  Assimilator  
  18  1:13  Probe  
  19  1:22  Nexus  
  19  1:33  Cybernetics Core  
  19  1:39  Probe  
  20  1:48  Pylon  
  20  1:59  Gateway  
  20  2:01  Warp Gate (Chrono Boost)  
  20  2:02  Gateway  
  20  2:20  Gateway  
  20  2:23  Pylon  
  20  2:34  Pylon  
  19  2:58  Probe x2  
  21  3:10  Probe  
  21  3:11  Probe  
  23  3:22  Probe  
  23  3:23  Probe  
  25  3:32  Adept x3  
  32  3:34  Probe  
  32  3:35  Probe  
  32  3:38  Pylon  
  33  3:46  Robotics Facility, Probe  
  33  3:47  Probe  
  35  3:52  Assimilator  
  33  3:58  Probe  
  33  3:59  Probe  
  33  4:02  Adept  
  35  4:03  Sentry  
  34  4:10  Probe  
  34  4:14  Probe  
  36  4:23  Probe (Chrono Boost)  
  32  4:26  Probe (Chrono Boost)  
  31  4:33  Adept  
  31  4:35  Probe (Chrono Boost)  
  31  4:37  Probe (Chrono Boost)  
  35  4:40  Probe (Chrono Boost)  
  35  4:41  Probe (Chrono Boost)  
  37  4:49  Probe  
  37  4:51  Adept  
  40  4:54  Shield Battery  
  40  4:56  Shield Battery  
  40  4:58  Probe  
  41  5:03  Stalker, Probe  
  44  5:10  Probe  
  44  5:23  Stalker  
  42  5:35  Immortal  
  46  5:49  Pylon  
  46  5:50  Pylon  
  46  6:04  Probe  
  46  6:06  Probe  
  44  6:14  Stalker  
  44  6:16  Probe  
  44  6:18  Probe  
  48  6:27  Warp Prism  
  48  6:28  Probe (Chrono Boost)  
  52  6:34  Probe (Chrono Boost)  
  52  6:36  Assimilator  
  53  6:40  Probe (Chrono Boost)  
  53  6:42  Twilight Council  
  53  6:44  Probe (Chrono Boost)  
  53  6:45  Probe (Chrono Boost)  
  53  6:46  Sentry  
  57  6:49  Sentry  
  60  6:54  Probe (Chrono Boost)  
  60  6:55  Probe (Chrono Boost)  
  61  7:02  Probe (Chrono Boost)  
  61  7:04  Pylon  
  61  7:08  Pylon  
  62  7:13  Pylon  
  62  7:15  Pylon  
  62  7:22  Probe x2  
  64  7:23  Resonating Glaives (Chrono Boost), Immortal  
  68  7:32  Sentry  
  68  7:34  Probe x2  
  72  7:39  Adept x2  
  76  7:46  Probe x2  
  80  7:58  Probe x2  
  80  8:02  Stalker x3  
  86  8:11  Probe  
  87  8:19  Gateway  
  87  8:20  Gateway  
  87  8:22  Gateway  
  85  8:27  Adept x3  
  85  8:33  Pylon  
  91  8:34  Pylon  
  91  8:35  Observer  
  90  8:41  Probe  
  90  8:43  Probe  
  90  8:47  Pylon  
  90  8:48  Pylon  
  92  8:54  Probe  
  92  8:55  Adept x2, Probe  
  96  8:56  Adept  
  100  9:06  Immortal, Probe  
  100  9:07  Probe  
  106  9:14  Assimilator  
  104  9:24  Adept x2  
  104  9:25  Adept x3  
  114  9:35  Probe  
  115  9:40  Dark Shrine  
  115  9:45  Probe  
  116  9:49  Immortal  
  72  10:16  Probe  
  72  10:18  Probe  
  73  10:26  Stalker x3  
  73  10:27  Stalker x3  
  73  10:28  Probe  
  78  10:30  Probe  
  78  10:35  Robotics Bay  
  79  10:38  Nexus  
  79  10:47  Pylon  
  79  10:51  Pylon  
  79  10:53  Pylon  
  79  10:54  Dark Templar x2  
  83  10:58  Dark Templar  
  83  11:01  Probe  
  86  11:09  Dark Templar  
  78  11:18  Dark Templar  
  78  11:25  Zealot  
  72  11:31  Dark Templar  
  74  11:34  Zealot x2  
  76  11:51  Probe x2  
  76  11:54  Disruptor  
  78  11:55  Nexus  
  81  12:03  Probe x2  
  81  12:04  Shield Battery  
  81  12:05  Archon x2  
  81  12:07  Shield Battery  
  83  12:13  Blink (Chrono Boost)  
  84  12:15  Probe x2  
  85  12:26  Disruptor (Chrono Boost)  
  85  12:27  Assimilator, Probe  
  85  12:28  Probe  
  87  12:34  Stalker  
  92  12:38  Pylon  
  92  12:39  Probe  
  92  12:40  Assimilator, Probe  
  94  12:52  Pylon, Probe x2  
  94  12:54  Stalker  
  94  12:55  Stalker, Disruptor  
  102  13:04  Probe x2  
  102  13:09  Stalker x3  
  102  13:10  Stalker  
  101  13:25  Stalker x2  
  103  13:29  Probe x2  
  103  13:41  Probe x2  
  103  13:43  Nexus  
  103  13:50  Stalker  
  103  13:52  Stalker  
  103  13:53  Probe x2  
  109  14:00  Pylon  
  109  14:05  Probe x2  
  109  14:06  Pylon  
  109  14:08  Stalker x2  
  115  14:14  Stalker  
  117  14:17  Probe x2  
  117  14:19  Pylon  
  117  14:20  Pylon  
  117  14:22  Pylon  
  119  14:25  Disruptor (Chrono Boost)  
  119  14:29  Probe  
  122  14:32  Pylon  
  122  14:35  Shield Battery  
  122  14:43  Stalker x3  
  128  14:49  Probe  
  128  14:50  Probe  
  130  14:55  Stalker  
  130  14:58  Disruptor (Chrono Boost)  
  135  15:00  Stalker x2  
  139  15:11  Forge  
  139  15:16  Stalker  
  139  15:17  Stalker  
  139  15:20  Zealot x2  
  141  15:26  Disruptor  
  138  15:29  Stalker  
  138  15:30  Stalker  
  136  15:38  Stalker x2  
  136  15:40  Probe  
  138  15:45  Stalker x2  
  138  15:49  Probe  
  140  15:52  Probe  
  139  15:57  Stalker  
  139  15:58  Stalker  
  139  16:02  Probe, Disruptor (Chrono Boost)  
  147  16:08  Probe, Forge  
  147  16:10  Assimilator  
  148  16:15  Assimilator  
  148  16:19  Gateway  
  148  16:20  Gateway  
  148  16:23  Gateway  
  148  16:25  Disruptor (Chrono Boost)  
  148  16:27  Stalker x2  
  148  16:29  Probe  
  156  16:33  Probe  
  156  16:34  Dark Templar  
Show
View Real Time Build Order
Export as new Build Order

MarcoMan Protoss - Winner!

Build Orders:  

Get SALT Encoding   

  12  0:00  Probe  
  13  0:12  Probe  
  14  0:18  Pylon  
  14  0:24  Probe  
  15  0:37  Probe  
  15  0:40  Gateway  
  16  0:49  Probe  
  17  0:50  Assimilator  
  17  1:01  Probe  
  17  1:03  Assimilator  
  18  1:08  Assimilator  
  18  1:13  Probe  
  19  1:25  Gateway  
  19  1:28  Cybernetics Core  
  20  1:32  Probe  
  20  1:45  Probe  
  21  1:49  Pylon  
  21  1:57  Probe  
  22  2:10  Stalker x2 (Chrono Boost)  
  22  2:15  Warp Gate (Chrono Boost)  
  26  2:33  Pylon  
  28  2:40  Adept (Chrono Boost)  
  28  2:42  Adept (Chrono Boost)  
  30  3:08  Nexus  
  30  3:37  Shield Battery  
  30  3:45  Probe  
  31  3:58  Probe  
  32  4:10  Stalker, Probe  
  32  4:11  Stalker  
  31  4:35  Twilight Council  
  31  4:36  Adept  
  31  4:38  Stalker  
  35  4:41  Probe x2  
  37  4:53  Probe  
  37  4:54  Probe  
  39  5:05  Probe  
  39  5:06  Probe  
  41  5:20  Probe  
  36  5:30  Probe  
  36  5:32  Probe  
  38  5:39  Robotics Facility  
  38  5:42  Probe  
  39  5:44  Probe, Blink (Chrono Boost)  
  39  5:46  Stalker x2  
  44  5:54  Probe  
  44  5:56  Probe  
  46  6:06  Probe  
  46  6:09  Probe  
  46  6:10  Stalker  
  46  6:11  Stalker  
  50  6:14  Pylon  
  50  6:18  Probe  
  49  6:21  Probe  
  50  6:27  Pylon  
  50  6:30  Probe  
  50  6:32  Observer  
  52  6:33  Probe  
  52  6:38  Adept x2  
  57  6:42  Probe  
  57  6:45  Assimilator, Probe  
  59  6:47  Assimilator  
  59  6:50  Forge  
  59  6:53  Observer  
  60  6:55  Gateway  
  60  6:56  Gateway  
  60  7:11  Stalker, Immortal (Chrono Boost)  
  60  7:12  Stalker  
  68  7:21  Pylon  
  68  7:29  Protoss Ground Weapons Level 1 (Chrono Boost)  
  68  7:31  Charge (Chrono Boost)  
  68  7:35  Probe x2  
  70  7:42  Pylon  
  70  7:46  Stalker  
  70  7:47  Stalker, Probe  
  75  7:52  Photon Cannon  
  74  8:01  Probe x2  
  74  8:05  Nexus  
  74  8:09  Stalker x2  
  78  8:17  Pylon  
  76  8:35  Templar Archives  
  76  8:38  Pylon  
  76  8:42  Probe  
  76  8:46  Zealot x3  
  83  8:50  Photon Cannon  
  83  9:01  Gateway  
  83  9:02  Gateway  
  83  9:03  Probe x2  
  85  9:12  High Templar  
  85  9:13  High Templar  
  85  9:15  Probe x2  
  90  9:18  Photon Cannon  
  90  9:23  Archon  
  88  9:24  Zealot x2  
  88  9:27  Probe  
  93  9:44  Protoss Ground Weapons Level 2 (Chrono Boost)  
  93  9:45  Zealot x4  
  99  9:47  Probe  
  102  10:02  Zealot x2  
  102  10:06  Zealot x4  
  89  10:16  Probe x2  
  91  10:21  Probe  
  91  10:28  Zealot x4, Probe x2  
  94  10:29  Zealot x2  
  94  10:33  Probe  
  103  10:38  Photon Cannon  
  103  10:40  Probe x2  
  105  10:45  Probe  
  105  10:47  Assimilator  
  106  10:50  Assimilator  
  106  10:52  Probe x2  
  108  10:57  Probe  
  108  11:01  Warp Prism (Chrono Boost)  
  111  11:04  Probe  
  112  11:11  Pylon  
  112  11:13  Pylon  
  112  11:15  Pylon  
  90  11:33  Photon Cannon  
  90  11:34  Shield Battery, Observer (Chrono Boost)  
  90  11:35  Zealot  
  90  11:36  Zealot  
  90  11:37  High Templar x3  
  101  11:41  Archon  
  99  11:49  Observer  
  100  11:54  High Templar  
  100  11:55  Gateway x2  
  100  11:58  Protoss Ground Weapons Level 3 (Chrono Boost)  
  102  12:03  Photon Cannon  
  102  12:06  High Templar x2  
  106  12:10  Archon, Nexus  
  106  12:11  Archon, Pylon  
  106  12:16  Immortal (Chrono Boost)  
  110  12:25  Gateway  
  110  12:31  Photon Cannon  
  110  12:33  Photon Cannon  
  110  12:40  Photon Cannon  
  110  12:42  Shield Battery  
  110  12:48  Immortal  
  114  13:05  Zealot x4  
  116  13:06  Zealot  
  118  13:21  Zealot x4  
  122  13:27  Gateway  
  122  13:29  Gateway  
  122  13:31  Pylon  
  118  13:37  Stargate  
  116  13:42  Stargate  
  116  13:45  Observer  
  116  13:47  Probe x4  
  116  13:48  Photon Cannon  
  118  13:50  Assimilator  
  118  13:54  Assimilator  
  118  14:18  Stargate  
  118  14:20  Pylon  
  118  14:32  Zealot x4  
  118  14:33  Zealot x3  
  118  14:34  Phoenix (Chrono Boost)  
  118  14:35  Phoenix (Chrono Boost)  
  136  14:40  Fleet Beacon  
  132  14:51  Phoenix x2 (Chrono Boost)  
  130  14:53  Photon Cannon  
  130  14:54  Immortal (Chrono Boost)  
  136  15:08  Zealot  
  136  15:09  Zealot  
  136  15:11  Phoenix (Chrono Boost)  
  134  15:15  Phoenix (Chrono Boost)  
  134  15:16  Phoenix (Chrono Boost)  
  134  15:42  Carrier x2 (Chrono Boost)  
  146  15:51  Observer (Chrono Boost)  
  146  15:56  Dark Shrine  
  143  16:07  Carrier (Chrono Boost)  
  143  16:09  Pylon  
  149  16:12  Observer (Chrono Boost)  
  149  16:17  Zealot x3  
  149  16:18  Zealot  
  158  16:25  Immortal (Chrono Boost)  
  158  16:29  Photon Cannon  
  158  16:30  Zealot  
  158  16:32  Photon Cannon  
  153  16:56  Zealot x2  
  153  16:57  Zealot x4  
  153  16:58  Zealot x2  
Tags
 
Matchup
PvP
Replay Pack
Weekend
Spawn Locations
Cross Positions
Add a new tag
Caveats
  • Supply blocks, unpowered buildings, or Contaminate may cause inaccurate times.
  • Supply counts are checked every 10 seconds.